 Dungeon Crawl Stone Soup version 0.31-a0-177-g4aa6249778 (webtiles) character file.

Game seed: 5752931642747916021

685 pokeman the Thaumaturge (level 7, -4/39 HPs)
             Began as a Deep Elf Hedge Wizard on June 18, 2023.
             Was an Initiate of Vehumet.
             Slain by a gnoll sergeant
             ... wielding a +0 spear of venom
              (13 damage)
             ... on level 5 of the Dungeon.
             The game lasted 00:08:06 (5610 turns).

pokeman the Thaumaturge (Deep Elf Hedge Wizard)     Turns: 5610, Time: 00:08:06

Health: -4/39      AC:  2    Str:  7    XL:     7   Next: 35%
Magic:  10/20      EV: 13    Int: 21    God:    Vehumet [......]
Gold:   207        SH:  0    Dex: 14    Spells: 14/22 levels left

rFire   . . .        i - +2 dagger (venom)
rCold   . . .        (no shield)
rNeg    . . .        b - +0 robe
rPois   .            c - +0 hat
rElec   .            (no cloak)
rCorr   .            (no gloves)
SInv    .            (no boots)
Will    .....        (no amulet)
Stlth   ++           (no ring)
HPRegen 0.26/turn    (no ring)
MPRegen 0.17/turn

%: no passive effects
@: no status effects
A: no striking features
a: Renounce Religion


You were on level 5 of the Dungeon.
You worshipped Vehumet.
Vehumet was noncommittal.
You visited 2 branches of the dungeon, and saw 6 of its levels.

You collected 207 gold pieces.

Inventory:

Hand Weapons
 i - a +2 dagger of venom (weapon)
Armour
 b - a +0 robe (worn)
 c - a +0 hat (worn)
 q - a +0 buckler
Magical Staves
 y - a staff of fire
Wands
 o - a wand of light (10)
Scrolls
 f - 2 scrolls of enchant weapon {unknown}
 j - 2 scrolls of noise {unknown}
 k - 3 scrolls of teleportation {unknown}
 m - a scroll of enchant armour {unknown}
 p - 4 scrolls of identify {unknown}
 t - a scroll of poison {unknown}
 u - a scroll of brand weapon {unknown}
 w - a scroll of blinking {unknown}
Potions
 a - 2 potions of lignification {unknown}
 d - 2 potions of magic
 e - 2 potions of heal wounds {unknown}
 g - a potion of invisibility {unknown}
 h - a potion of attraction {unknown}
 l - a potion of haste {unknown}
 n - a potion of curing {unknown}
 r - a potion of brilliance {unknown}
 s - 2 potions of mutation {unknown}
 x - 2 potions of enlightenment {unknown}
Miscellaneous
 v - a piece from Xom's chessboard (15/15)


   Skills:
 + Level 1.8 Fighting
 - Level 1.4 Armour
 - Level 3.0 Dodging
 - Level 3.0 Stealth
 - Level 1.0 Shields
 * Level 8.0 Spellcasting
 + Level 4.0 Conjurations
 + Level 1.6 Summonings
 - Level 1.1 Translocations
 + Level 0.3 Fire Magic
 - Level 1.0 Air Magic
 - Level 1.0 Poison Magic
 - Level 1.2 Evocations


You had 14 spell levels left.
You knew the following spells:

 Your Spells              Type           Power      Damage    Failure   Level
a - Magic Dart            Conj           100%       1d8       1%          1
b - Mephitic Cloud        Conj/Pois/Air  16%        N/A       11%         3
c - Call Imp              Summ           30%        N/A       6%          2
d - Blink                 Tloc           26%        N/A       8%          2

Your spell library contained the following spells:

 Spells                   Type           Power      Damage    Failure   Level
 Slow                     Hex            32%        N/A       8%          1
 Cigotuvi's Dreadful Rot  Necr/Pois/Air  22%        N/A       9%          2
 Dispel Undead            Necr           8%         3d8       61%         4
 Death Channel            Necr           4%         N/A       100%        6


Dungeon Overview and Level Annotations

Branches:
Dungeon (5/15)             Temple (1/1) D:4

Altars:
Dithmenos
Elyvilon
Fedhas
Hepliaklqana
Kikubaaqudgha
Makhleb
Okawaru
Sif Muna
Trog
Uskayaw
Vehumet
Xom
Yredelemnul
The Shining One

Annotations:
D:3 exclusion: door, Grinder


Message History

The gnoll sergeant is engulfed in noxious fumes.
The gnoll sergeant appears confused.
Unknown command.
You hit the gnoll.
The gnoll is lightly wounded.
You feel sick.
The gnoll sergeant is engulfed in noxious fumes.
The gnoll sergeant appears confused.
Unknown command.
You hit the gnoll.
The gnoll is poisoned.
The gnoll is lightly wounded.
You feel sick. The gnoll misses you.
You catch the helpless gnoll completely off-guard!
You puncture the gnoll!
The gnoll looks as sick as possible!
The gnoll is almost dead.
You feel sick.
You kill the gnoll!
Vehumet accepts your kill.
Your Conjurations skill increases to level 4!
Casting: Mephitic Cloud (dangerous; 11% risk of failure)
Confirm with . or Enter, or press ? or * to list all spells.
Aiming: Magic Dart (safe; 1% risk of failure)
Press: ? - help, Shift-Dir - straight line, f - gnoll sergeant
Aim: a gnoll sergeant, wielding a +0 spear of venom and wearing a +0 ring mail (almost dead, confused, very poisoned, 100% to hit)
The magic dart hits the gnoll sergeant but does no damage.
The gnoll sergeant is almost dead.
You feel sick.
Casting: Magic Dart (safe; 1% risk of failure)
Confirm with . or Enter, or press ? or * to list all spells.
Aiming: Magic Dart (safe; 1% risk of failure)
Press: ? - help, Shift-Dir - straight line, f/p - gnoll sergeant
Aim: a gnoll sergeant, wielding a +0 spear of venom and wearing a +0 ring mail (almost dead, confused, very poisoned, 100% to hit)
The magic dart hits the gnoll sergeant but does no damage.
The gnoll sergeant is almost dead.
You feel sick.
You are no longer poisoned.
You hit the gnoll sergeant but do no damage.
The gnoll sergeant is almost dead.
The gnoll sergeant hits you with a +0 spear of venom!
You die...

#..........####..†#####
#..........'...........
#..........#.##...#.###
#.<.....##.###..#.#
##.....###.# ##.#>#
##...## #.####.#.#
##'## #........# #.#
######.### #@# #.# #g#
#.# #)).# #.# .......
#.# ###...#.# #.#
......# #.# ....#./.
###...# # #.###


You could see a gnoll sergeant (confused, very poisoned).

Vanquished Creatures
  A wyvern (D:4)
  A scorpion (D:4)
  2 hounds
  3 orc priests
  Jessica (D:3)
  3 orc wizards
  An adder (D:4)
  10 gnolls
  2 dart slugs (D:1)
  12 orcs
  7 bats
  10 endoplasms
  5 giant cockroaches
  6 goblins
  3 hobgoblins
  15 jackals
  9 quokkas
  6 ball pythons
  3 frilled lizards
  7 kobolds
  2 rats
  A butterfly (D:3)
110 creatures vanquished.

Notes
Turn   | Place    | Note
-------+----------+-------------------------------------------
     0 | D:1      | pokeman the Deep Elf Hedge Wizard began the quest for the
                  | Orb.
     0 | D:1      | Reached XP level 1. HP: 10/10 MP: 7/7
   406 | D:1      | Reached XP level 2. HP: 16/16 MP: 7/9
   443 | D:1      | Found a faded altar of an unknown god.
  1103 | D:1      | Reached skill level 5 in Spellcasting
  1232 | D:1      | Reached XP level 3. HP: 20/20 MP: 8/11
  1236 | D:1      | Learned a level 3 spell: Mephitic Cloud
  1239 | D:1      | Learned a level 2 spell: Call Imp
  1242 | D:1      | Learned a level 2 spell: Blink
  1801 | D:2      | Reached skill level 1 in Armour
  1824 | D:2      | Reached skill level 1 in Fighting
  1824 | D:2      | Reached XP level 4. HP: 22/25 MP: 8/13
  3114 | D:3      | Reached skill level 6 in Spellcasting
  3248 | D:3      | Reached XP level 5. HP: 29/29 MP: 11/15
  3291 | D:3      | Noticed Jessica
  3297 | D:3      | Killed Jessica
  3353 | D:3      | Found an iron altar of Okawaru.
  3357 | D:3      | Found a hide-covered altar of Uskayaw.
  3357 | D:3      | Found a bloodstained altar of Trog.
  3357 | D:3      | Found a hazy altar of Hepliaklqana.
  3413 | D:3      | Noticed Grinder
  3582 | D:3      | Found a shimmering altar of Xom.
  4219 | D:4      | Noticed a wyvern
  4232 | D:4      | Killed a wyvern
  4233 | D:4      | Reached skill level 1 in Shields
  4233 | D:4      | Reached skill level 7 in Spellcasting
  4233 | D:4      | Reached skill level 1 in Evocations
  4233 | D:4      | Reached XP level 6. HP: 29/34 MP: 14/18
  4713 | D:4      | Reached skill level 1 in Air Magic
  4713 | D:4      | Reached skill level 1 in Poison Magic
  4713 | D:4      | Reached XP level 7. HP: 28/38 MP: 14/20
  4841 | D:4      | Found a staircase to the Ecumenical Temple.
  4854 | Temple   | Entered the Ecumenical Temple
  4905 | Temple   | Became a worshipper of Vehumet
  5495 | D:5      | Entered Level 5 of the Dungeon
  5602 | D:5      | Reached skill level 8 in Spellcasting
  5610 | D:5      | Slain by a gnoll sergeant

Illustrated notes

Levels and vault maps discovered:
D:1:      minmay_arrival_radiant_lines, layout_basic,
          dreamdust_ecumenical_altar_statues, minmay_misc_feat_plants,
          kennysheep_crisscross
D:2:      minmay_chambers_of_ones, layout_loops_corners
D:3:      layout_rooms, grunt_temple_overflow_open, xom_butterflies,
          kennysheep_minor_cross, chequers_mini_garden, hangedman_decor_points,
          amethyst_killhole, uniq_jessica, uniq_grinder
D:4:      layout_loops_ring, minmay_temple_entry_grid, serial_forest,
          infiniplex_forest_zigzag_1, infiniplex_forest_straight_3,
          infiniplex_forest_lined_2, infiniplex_forest_clump_small,
          infiniplex_forest_clump_long, infiniplex_forest_end_1,
          infiniplex_forest_lined_2, minmay_door_square
D:5:      layout_loops_corners, uniq_edmund, uniq_sigmund, uniq_menkaure,
          uniq_crazy_yiuf_cottage
Temple:   eino_temple_scatter_basement

Skill      XL: |  1  2  3  4  5  6  7 |
---------------+----------------------+-----
Spellcasting   | 5 6 7 8 |  8.0
Armour         | 1 |  1.4
Fighting       | 1 |  1.8
Conjurations   | 2 3 4 |  4.0
Stealth        | 3 |  3.0
Dodging        | 3 |  3.0
Shields        | 1 |  1.0
Evocations     | 1 |  1.2
Air Magic      | 1 |  1.0
Poison Magic   | 1 |  1.0
Summonings     | |  1.6
Translocations | |  1.1
Fire Magic     | |  0.3

Action                     |  1- 3 |  4- 6 |  7- 9 || total
---------------------------+-------+-------+-------++-------
  Melee: Dagger            |     5 |    40 |    44 ||    89
         Punch             |       |     1 |     2 ||     3
   Cast: Magic Dart        |   101 |   126 |    16 ||   243
         Mephitic Cloud    |     1 |     9 |     8 ||    18
         Blink             |       |     1 |       ||     1
   Stab: Confused          |       |     3 |     3 ||     6
 Armour: Robe              |     9 |    10 |     3 ||    22
  Dodge: Dodged            |    19 |    44 |    23 ||    86

Table legend: (Time is in decaauts)
 A = Elapsed time spent in this place.
 B = Non-inter-level travel time spent in this place.
 C = Inter-level travel time spent in this place.
 D = Time resting spent in this place.
 E = Time spent auto-exploring this place.
 F = Levels seen in this place.
 G = Mean time per level.
                   A        B        C        D        E       F      G
               +--------+--------+--------+--------+--------+-----+--------+
         Total |   5608 |   5396 |    212 |      3 |   4724 |   6 |  934.7 |
       Dungeon |   5544 |   5344 |    200 |      3 |   4688 |   5 | 1108.8 |
        Temple |     64 |     52 |     12 |      0 |     36 |   1 |   64.0 |
               +--------+--------+--------+--------+--------+-----+--------+

Top non-repeatable levels by time:
     D:4: 1584 daAuts
     D:2: 1514 daAuts
     D:1: 1434 daAuts
     D:3: 896 daAuts
     D:5: 114 daAuts
  Temple: 64 daAuts
